 Dungeon Crawl Stone Soup version 0.21-a0-513-gdcb3f5e (webtiles) character file.

21 Firecrotchwizard the Poker (level 2, 0/24 HPs)
             Began as a Merfolk Berserker on Dec 3, 2017.
             Was a Follower of Trog.
             Slain by a gnoll
             ... wielding a +0 flail
              (3 damage)
             ... on level 1 of the Dungeon.
             The game lasted 00:01:25 (690 turns).

Firecrotchwizard the Poker (Merfolk Berserker)       Turns: 690, Time: 00:01:26

Health: 0/24       AC:  3    Str: 17    XL:     2   Next: 83%
Magic:  2/2        EV: 13    Int:  6    God:    Trog [*.....]
Gold:   47         SH:  0    Dex: 15    Spells: 1/1 levels left

rFire    . . .     SeeInvis .   a - +0 spear
rCold    . . .     Gourm    .   (no shield)
rNeg     + . .     Faith    .   b - +0 animal skin
rPois    .         Spirit   .   h - +0 helmet
rElec    .         Reflect  .   (no cloak)
rCorr    .         Harm     .   (no gloves)
MR       .....                  (no boots)
Stlth    +.........             (no amulet)
HPRegen  0.08/turn              d - +2 ring of dexterity
MPRegen  0.08/turn              l - ring of positive energy {rN+}

@: no status effects
A: change form in water, swift swim, stealthy swim
a: Berserk, Burn Spellbooks, Renounce Religion


You were on level 1 of the Dungeon.
You worshipped Trog.
Trog was aware of your devotion.
You were not hungry.

You visited 1 branch of the dungeon, and saw 1 of its levels.

You collected 47 gold pieces.

Inventory:

Hand Weapons
 a - a +0 spear (weapon)
Armour
 b - a +0 animal skin (worn)
 h - a +0 helmet (worn)
   (You found it on level 1 of the Dungeon)
Jewellery
 d - a +2 ring of dexterity (left hand)
   (You found it on level 1 of the Dungeon)
 l - a ring of positive energy (right hand) {rN+}
   (You found it on level 1 of the Dungeon)
Scrolls
 e - 2 scrolls of noise {unknown}
 j - a scroll of magic mapping {unknown}
Potions
 k - a potion of curing {unknown}
Comestibles
 c - a bread ration {@e1}
 f - 2 meat rations {@e2}
 g - 5 chunks of flesh {@w0}
 i - a royal jelly


   Skills:
 + Level 3.5 Fighting
 * Level 5.0 Polearms
 + Level 1.6 Armour
 + Level 3.1 Dodging


You had one spell level left.
You didn't know any spells.

Dungeon Overview and Level Annotations

Branches:
Dungeon (1/15)

Altars:


Message History

No target in view!
You now have 35 gold pieces (gained 14).
You now have 39 gold pieces (gained 4).
A frilled lizard comes into view.
The frilled lizard hisses angrily.
Health restored: 24 Attack whom?
Aim: a frilled lizard You reach to attack!
You barely miss the frilled lizard. You hit the frilled lizard.
You kill the frilled lizard!
Trog accepts your kill.
No target in view!
No target in view!
You butcher the frilled lizard corpse.
g - 7 chunks of flesh {@w0} (gained 1)
You see here a mace.
You see here a mace.
A rat comes into view.
You closely miss the rat. The rat bites you.
You take 2 damage, and have 22/24 hp.
You barely miss the rat. The rat bites you.
You take 1 damage, and have 21/24 hp.
You closely miss the rat. The rat closely misses you.
You hit the rat. You closely miss the rat. The rat bites you.
You take 1 damage, and have 20/24 hp.
You hit the rat.
You kill the rat!
Trog accepts your kill.
Your Polearms skill increases to level 5!
No target in view!
You see here a hand axe.
Some of the chunks of flesh in your inventory have rotted away.
l - an iron ring Health restored: 24 A hobgoblin comes into view.
The hobgoblin shouts!
Attack whom?
Aim: a hobgoblin You reach to attack!
You completely miss the hobgoblin.
Attack whom?
Aim: a hobgoblin You reach to attack!
You closely miss the hobgoblin. You hit the hobgoblin. The hobgoblin hits you.
You take 1 damage, and have 23/24 hp.
You barely miss the hobgoblin. The hobgoblin closely misses you.
You hit the hobgoblin but do no damage. The hobgoblin closely misses you.
You barely miss the hobgoblin. The hobgoblin misses you.
You hit the hobgoblin. The hobgoblin barely misses you.
Health restored: 24 You hit the hobgoblin but do no damage.
You hit the hobgoblin.
You kill the hobgoblin!
Trog accepts your kill.
No target in view!
l - a ring of positive energy (right hand)
You butcher the hobgoblin corpse.
g - 8 chunks of flesh {@w0} (gained 3)
You see here a hobgoblin skeleton. x2
Some of the chunks of flesh in your inventory have rotted away. 2 rats come into view.
You hit the rat. You hit the rat.
You kill the rat!
Trog accepts your kill.
You barely miss the rat. The rat closely misses you.
You hit the rat.
You kill the rat!
Trog accepts your kill.
No target in view!
No target in view!
You butcher the rat corpse.
g - 5 chunks of flesh {@w0} (gained 1)
You now have 47 gold pieces (gained 8).
A gnoll comes into view. It is wielding a flail.
Attack whom?
Aim: a gnoll, wielding a flail (resting)
You reach to attack!
The helpless gnoll fails to defend itself.
You hit the gnoll but do no damage. You hit the gnoll. You hit the gnoll.
The gnoll hits you with a flail!
You take 9 damage, and have 15/24 hp.
MASSIVE DAMAGE!!
You hit the gnoll. The gnoll misses you.
You completely miss the gnoll. The gnoll closely misses you.
You barely miss the gnoll. You barely miss the gnoll.
The gnoll hits you with a flail!
* * * LOW HITPOINT WARNING * * *
You take 8 damage, and have 7/24 hp.
MASSIVE DAMAGE!!
You hit the gnoll but do no damage. The gnoll hits you with a flail.
* * * LOW HITPOINT WARNING * * *
You take 5 damage, and have 2/24 hp.
MASSIVE DAMAGE!!
You barely miss the gnoll. You hit the gnoll. The gnoll barely misses you.
You closely miss the gnoll. The gnoll hits you with a flail.
You die...

##......#..#...#.####.#####.##
................ #.#......#
#####.......##.# #.#......#
#.......##.# #.#......#
#..........#.## #.#......#
#.>...........# #.#......#
#####...............#.#......#
..........###########.#####.#####
....#.....# #.@.........#....รท.
...##.....#####g#####.###.#......
#..##........... #......#.#..#...
#..##..#..###### #......#.#..#...
#..##..#..# #......#.#..#...
#..##..#..# #......#.#..#...
.......#..# ####.###.#..#...
#..###.#..#### #.#......####
.............. ..#.#........


You could see a gnoll.

Vanquished Creatures
  A dart slug (D:1)
  A bat (D:1)
  2 giant cockroaches (D:1)
  A goblin (D:1)
  3 hobgoblins (D:1)
  A ball python (D:1)
  5 frilled lizards (D:1)
  2 kobolds (D:1)
  4 rats (D:1)
20 creatures vanquished.

Notes
Turn   | Place    | Note
-------+----------+-------------------------------------------
     0 | D:1      | Firecrotchwizard the Merfolk Berserker began the quest for the Orb.
     0 | D:1      | Reached XP level 1. HP: 18/18 MP: 1/1
   235 | D:1      | Reached XP level 2. HP: 24/24 MP: 2/2
   348 | D:1      | Reached skill level 3 in Dodging
   569 | D:1      | Reached skill level 5 in Polearms
   687 | D:1      | HP: 2/24 [gnoll/flail (5)]
   690 | D:1      | Slain by a gnoll

Vault maps used:
D:1:      minmay_arrival_nine_rooms

Skill      XL: |  1  2 |
---------------+-------+-----
Dodging        | 3 |  3.1
Polearms       | 5 |  5.0
Fighting       | |  3.5
Armour         | |  1.6

Action                   || total
-------------------------++-------
Melee: Spear             ||    78
 Stab: Sleeping          ||     5
Armor: Animal skin       ||     9
Dodge: Dodged            ||    27

Table legend:
 A = Spawn XP
 B = Non-spawn XP
 C = Spawn XP percentage of total XP
 D = Spawn monster count
 E = Non-spawn monster count
 F = Spawn count percentage of total count
 G = Total turns spent on level
                    A         B        C        D         E        F      G
               +---------+---------+-------+---------+---------+-------+---------
         Total |       0 |      30 |   0.0 |       0 |      20 |   0.0 |   690
               +---------+---------+-------+---------+---------+-------+---------
           D:1 |       0 |      30 |   0.0 |       0 |      20 |   0.0 |   690
               +---------+---------+-------+---------+---------+-------+---------

Vault maps used:
D:1:      minmay_arrival_nine_rooms

Table legend:
 A = Turns spent in this place as a percentage of turns spent in the entire game.
 B = Non-inter-level travel turns spent in this place as a percentage of non-inter-level travel turns spent in the entire game.
 C = Inter-level travel turns spent in this place as a percentage of turns spent in this place.
 D = Turns resting spent in this place as a percentage of non-inter-level travel turns spent in this place.
 E = Turns spent auto-exploring this place as a percentage of non-inter-level travel turns spent in this place.
 F = Non-inter-level travel turns spent in this place divided by the number of levels of this place that you've seen.
                   A       B       C       D       E      F
               +-------+-------+-------+-------+-------+----------------------
         Total | 100.0 | 100.0 |   0.0 |   0.0 |  79.3 | 690.0
       Dungeon | 100.0 | 100.0 |   0.0 |   0.0 |  79.3 | 690.0
               +-------+-------+-------+-------+-------+----------------------

Table legend:
 A = Kills in this place as a percentage of kills in entire the game.
 B = Kills by you in this place as a percentage of kills by you in the entire game.
 C = Kills by friends in this place as a percentage of kills by friends in the entire game.
 D = Other kills in this place as a percentage of other kills in the entire game.
 E = Experience gained in this place as a percentage of experience gained in the entire game.
 F = Experience gained in this place divided by the number of levels of this place that you have seen.
                   A       B       C       D       E      F
               +-------+-------+-------+-------+-------+----------------------
         Total | 100.0 | 100.0 |   N/A |   N/A | 100.0 |  30.0
       Dungeon | 100.0 | 100.0 |   N/A |   N/A | 100.0 |  30.0
               +-------+-------+-------+-------+-------+----------------------
